 Dungeon Crawl Stone Soup version 0.28-a0-863-g8cecda6153 (webtiles) character file.

Game seed: 15120856436926829075

49 ryw the Skirmisher (level 3, -3/29 HPs)
             Began as a Demonspawn Monk on Nov 19, 2021.
             Was a Priest of Dithmenos.
             Slain by an orc (7 damage)
             ... on level 2 of the Dungeon.
             The game lasted 00:03:24 (2793 turns).

ryw the Skirmisher (Demonspawn Monk)                Turns: 2793, Time: 00:03:25

Health: -3/29      AC:  2    Str: 11    XL:     3   Next: 53%
Magic:  6/6        EV: 13    Int: 12    God:    Dithmenos [***...]
Gold:   72         SH:  0    Dex: 15    Spells: 6/6 levels left

rFire   . . .      SeeInvis .   d - +0 whip
rCold   . . .      Faith    .   (no shield)
rNeg    . . .      Spirit   .   b - +0 robe {Archmagi}
rPois   .          Reflect  .   (no helmet)
rElec   .          Harm     .   (no cloak)
rCorr   .          Rampage  .   (no gloves)
Will    .....      Archmagi +   (no boots)
Stlth   +++.......              (no amulet)
HPRegen 0.09/turn               (no ring)
MPRegen 0.20/turn               (no ring)

@: wreathed by umbra
A: magic regeneration
a: Renounce Religion, Shadow Step


You were on level 2 of the Dungeon.
You worshipped Dithmenos.
Dithmenos was most pleased with you.
You visited 1 branch of the dungeon, and saw 2 of its levels.

You collected 72 gold pieces.

Inventory:

Hand Weapons
 d - a +0 whip (weapon)
Armour
 b - a +0 robe of the Archmagi (worn)
Scrolls
 a - 4 scrolls of identify {unknown}
 c - 2 scrolls of teleportation {unknown}
 e - a scroll of noise {unknown}
 f - a scroll of amnesia {unknown}
Potions
 g - a potion of brilliance {unknown}


   Skills:
 - Level 3.1 Fighting
 + Level 2.8 Dodging
 + Level 2.3 Stealth
 - Level 2.6 Unarmed Combat
 - Level 2.2 Spellcasting


You had 6 spell levels left.
You didn't know any spells.
Your spell library was empty.

Dungeon Overview and Level Annotations

Branches:
Dungeon (2/15)

Altars:
Dithmenos


Innate Abilities, Weirdness & Mutations

You regenerate magic rapidly.


Message History

You open the door.
There is an open door here.
You open the door.
There is an open door here.
A ball python comes into view.
The ball python hisses angrily.
The ball python closely misses you. The ball python barely misses you.
You barely miss the ball python. The ball python barely misses you.
The ball python completely misses you.
You closely miss the ball python. The ball python bites you.
The ball python closely misses you.
You barely miss the ball python. The ball python bites you.
The ball python barely misses you.
You barely miss the ball python. The ball python closely misses you. x3
The ball python grabs you. The ball python constricts you.
You hit the ball python. You punch the ball python.
You kill the ball python!
Dithmenos accepts your kill.
No target in view!
No target in view!
No target in view!
Found 23 stones.
You see here 23 stones.
There is a stone staircase leading up here.
Unknown command.
The orc barely misses you.
You closely miss the orc. The orc closely misses you.
You barely miss the orc. The orc misses you.
You hit the orc but do no damage.
The orc hits you with a +2 morningstar of protection! x2
* * * LOW HITPOINT WARNING * * *
You closely miss the orc.
The orc hits you with a +2 morningstar of protection.
* * * LOW HITPOINT WARNING * * *
You barely miss the orc. The orc closely misses you.
Unknown command.
You hit the orc.
The orc is heavily wounded.
The orc hits you with a +2 morningstar of protection!
You die...

#.##...##.# #.....# ##.#
#.........# #.....# #.#
####...##.# #.....# #.# ######.#
#.....# ##+# ##.## ###.### ##...
####...## #.### ##....
##.#.....## #.#.## ##.....
####......รท..####....####......
+............o@.........+......
####...#...######....####......
##.###.## #.#.## ##..... #.# ###
#<### ##.... #.# #.##### ##...
#.# #.....# ##'# #### #.#
#####.#######.# ..)####.#
#.........# #.......#
#.#######.#


You could see an orc.

Vanquished Creatures
  3 dart slugs
  4 endoplasms (D:2)
  3 giant cockroaches
  2 goblins (D:1)
  5 hobgoblins
  A jackal (D:1)
  4 kobolds
  2 quokkas
  5 ball pythons
  3 bats (D:2)
  A frilled lizard (D:2)
  7 rats
40 creatures vanquished.

Notes
Turn   | Place    | Note
-------+----------+-------------------------------------------
     0 | D:1      | ryw the Demonspawn Monk began the quest for the Orb.
     0 | D:1      | Reached XP level 1. HP: 18/18 MP: 1/1
   144 | D:1      | Reached skill level 1 in Spellcasting
   552 | D:1      | Gained mutation: You regenerate magic rapidly. [demonic
                  | ancestry]
   552 | D:1      | Reached XP level 2. HP: 22/24 MP: 3/3
  1439 | D:1      | Found a faded altar of an unknown god.
  1446 | D:1      | Prayed at the altar of an unknown god.
  1446 | D:1      | Became a worshipper of Dithmenos the Shadowed
  1446 | D:1      | Reached * piety under Dithmenos
  1446 | D:1      | Reached ** piety under Dithmenos
  1876 | D:2      | Reached XP level 3. HP: 20/29 MP: 6/6
  1897 | D:2      | Reached *** piety under Dithmenos
  2793 | D:2      | Slain by an orc

Illustrated notes

Levels and vault maps discovered:
D:1:      amcnicky_arrival_underground_garden, layout_loops_cross,
          shapermc_ecumenical_altar_hornbeckon, st_stairs_9, glass_columns_c,
          minivault_27, minmay_stone_trees_small, minmay_misc_feat_encased
D:2:      cheibrodos_pilgrimage, layout_loops_corners

Skill      XL: |  1  2  3 |
---------------+----------+-----
Spellcasting   | 1 2 |  2.2
Stealth        | 2 |  2.3
Fighting       | |  3.1
Dodging        | |  2.8
Unarmed Combat | |  2.6

Action                   || total
-------------------------++-------
Melee: Unarmed           ||    47
       Whip              ||   124
       Punch             ||     2
 Stab: Sleeping          ||     8
Armor: Robe              ||    24
Dodge: Dodged            ||   130

Table legend: (Time is in decaauts)
 A = Elapsed time spent in this place.
 B = Non-inter-level travel time spent in this place.
 C = Inter-level travel time spent in this place.
 D = Time resting spent in this place.
 E = Time spent auto-exploring this place.
 F = Levels seen in this place.
 G = Mean time per level.
                   A        B        C        D        E       F      G
               +--------+--------+--------+--------+--------+-----+--------+
         Total |   2810 |   2773 |     37 |    192 |   2119 |   2 | 1405.0 |
       Dungeon |   2810 |   2773 |     37 |    192 |   2119 |   2 | 1405.0 |
               +--------+--------+--------+--------+--------+-----+--------+

Top non-repeatable levels by time:
     D:1: 1479 daAuts
     D:2: 1331 daAuts
